 Dungeon Crawl Stone Soup version 0.27-a0-1590-g15f6982 (webtiles) character file.

Game seed: 16699521437584437866

9 Geeful the Skirmisher (level 2, 24/24 HPs)
             Began as a Demonspawn Abyssal Knight on July 18, 2021.
             Was an Initiate of Lugonu.
             Got out of the dungeon alive.
             The game lasted 00:03:17 (819 turns).

Geeful the Skirmisher (Demonspawn Abyssal Knight)    Turns: 819, Time: 00:03:18

Health: 24/24      AC:  3    Str: 12      XL:     2   Next: 3%
Magic:  4/4        EV: 15    Int: 12 (13) God:    Lugonu [......]
Gold:   42         SH:  0    Dex: 12      Spells: 1/1 levels left

rFire    . . .     SeeInvis .     - Unarmed
rCold    . . .     Faith    .   (no shield)
rNeg     . . .     Spirit   .   a - +0 leather armour
rPois    .         Reflect  .   (helmet restricted)
rElec    .         Harm     .   (no cloak)
rCorr    .         Rampage  .   (no gloves)
Will     .....                  (no boots)
Stlth    +.........             e - amulet of regeneration
HPRegen  1.08/turn              d - +4 ring of evasion
MPRegen  0.09/turn              (no ring)

@: no status effects
A: antennae 1
a: Renounce Religion


You escaped.
You worshipped Lugonu.
Lugonu was noncommittal.
You visited 1 branch of the dungeon, and saw 1 of its levels.
You visited the Abyss 1 time.

You collected 42 gold pieces.

Inventory:

Armour
 a - a +0 leather armour (worn)
Jewellery
 d - a +4 ring of evasion (left hand)
 e - an amulet of regeneration (around neck)
Scrolls
 b - 2 scrolls of identify {unknown}
 f - a scroll of immolation {unknown}
 g - a scroll of noise {unknown}
 h - a scroll of amnesia {unknown}
Potions
 c - a potion of curing {unknown}


   Skills:
 + Level 3.1 Fighting
 + Level 1.9 Armour
 + Level 1.1 Dodging
 + Level 1.9 Unarmed Combat
 + Level 2.6 Invocations


You had one spell level left.
You didn't know any spells.
Your spell library contained the following spells:

 Spells                   Type           Power      Damage    Failure   Level
 Animate Skeleton         Necr           0%         N/A       38%         1
 Pain                     Necr           0%         1d4       38%         1
 Vampiric Draining        Necr           0%         2d6       77%         3


Dungeon Overview and Level Annotations

Branches:
Dungeon (1/15)

Altars:


Innate Abilities, Weirdness & Mutations

You have a pair of small antennae on your head.


Message History

The endoplasm barely misses you.
You barely miss the endoplasm.
The endoplasm is almost dead.
The endoplasm misses you.
You hit the endoplasm but do no damage.
The endoplasm is almost dead.
The endoplasm freezes you.
You are frozen.
You hit the endoplasm.
You kill the endoplasm!
Lugonu accepts your kill.
No target in view!
Found 4 gold pieces.
An endoplasm comes into view.
You hit the endoplasm.
The endoplasm is moderately wounded.
The endoplasm misses you.
You hit the endoplasm.
The endoplasm is heavily wounded.
The endoplasm completely misses you.
You hit the endoplasm.
The endoplasm is severely wounded.
The endoplasm hits you but does no damage.
You hit the endoplasm.
You kill the endoplasm!
Lugonu accepts your kill.
You have reached level 2!
Your demonic ancestry asserts itself...
A pair of antennae grows on your head!
Found an escape hatch in the floor.
You see here a ball python skeleton.
Things that are here:
a +0 club; 4 stones
Things that are here:
a +0 whip; a kobold skeleton
There is a staircase leading out of the dungeon here.
Are you sure you want to leave the Dungeon?
This will make you lose the game!
Alright, then stay!
Are you sure you want to leave the Dungeon?
This will make you lose the game!
You have escaped!

..............#...#........
.........#######.#######...
.........# ##....^..## ..#
....##...###.........## .#
#######..##...........## .#
##..#.............# .##
##..##.............##..##
##..#.#.............#.#..##
#..#.........@.........#..#
##..#.#.............#.#..#
##..##.............##..######
##..#.............#..##.....
#..##...........##..##.....
#..###.........###..##.....
#..# ##.......## #..##.....
#..#######.#######..)#.....
#.......#...#.....÷..)...÷.


There were no monsters in sight!

Vanquished Creatures
  2 ball pythons (D:1)
  2 endoplasms (D:1)
  4 kobolds (D:1)
  A rat (D:1)
9 creatures vanquished.

Vanquished Creatures (others)
  A foxfire (Abyss:4)
1 creature vanquished.

Grand Total: 10 creatures vanquished

Notes
Turn   | Place    | Note
-------+----------+-------------------------------------------
     0 | Abyss:1  | Geeful the Demonspawn Abyssal Knight began the quest for
                  | the Orb.
     0 | Abyss:1  | Reached XP level 1. HP: 18/18 MP: 2/2
     1 | Abyss:1  | Found a corrupted altar of Lugonu.
    78 | Abyss:2  | Noticed a ynoxinul
    78 | Abyss:2  | Noticed a neqoxec
   109 | Abyss:3  | Noticed a large abomination
   111 | Abyss:3  | Noticed an ancient zyme
   160 | Abyss:4  | Noticed a will-o-the-wisp
   163 | D:1      | Escaped the Abyss
   553 | D:1      | Reached skill level 1 in Dodging
   785 | D:1      | Gained mutation: You have a pair of small antennae on your
                  | head. [demonic ancestry]
   785 | D:1      | Reached XP level 2. HP: 24/24 MP: 4/4
   819 | D:$      | Got out of the dungeon alive.

Illustrated notes

Levels and vault maps discovered:
D:1:      psy_arrival_dodecagon, layout_basic,
          shapermc_ecumenical_altar_mp_ritualfount

Skill      XL: |  1 |
---------------+----+-----
Dodging        | 1 |  1.1
Fighting       | |  3.1
Armour         | |  1.9
Unarmed Combat | |  1.9
Invocations    | |  2.6

Action                   || total
-------------------------++-------
Melee: Unarmed           ||    37
Invok: Depart the Abyss  ||     1
Armor: Leather armour    ||     6
Dodge: Dodged            ||    26

Table legend: (Time is in decaauts)
 A = Elapsed time spent in this place.
 B = Non-inter-level travel time spent in this place.
 C = Inter-level travel time spent in this place.
 D = Time resting spent in this place.
 E = Time spent auto-exploring this place.
 F = Levels seen in this place.
 G = Mean time per level.
                   A        B        C        D        E       F      G
               +--------+--------+--------+--------+--------+-----+--------+
         Total |    816 |    783 |     33 |      0 |    518 |   5 |  163.2 |
       Dungeon |    654 |    621 |     33 |      0 |    518 |   1 |  654.0 |
         Abyss |    161 |    161 |      0 |      0 |      0 |   4 |   40.2 |
               +--------+--------+--------+--------+--------+-----+--------+

Top non-repeatable levels by time:
     D:1: 654 daAuts
 Abyss:4: 48 daAuts
 Abyss:2: 47 daAuts
 Abyss:1: 33 daAuts
 Abyss:3: 32 daAuts
